 Dungeon Crawl Stone Soup version 0.17-a0-1591-g7a45446 (webtiles) character file.

518 amplicon the Conjurer (level 7, -1/38 HPs)
             Began as a Deep Elf Conjurer on July 29, 2015.
             Killed from afar by an orc wizard (7 damage)
             ... with a magic dart
             ... on level 4 of the Dungeon on July 30, 2015.
             The game lasted 00:21:32 (4907 turns).

amplicon the Conjurer (Deep Elf Conjurer)           Turns: 4907, Time: 00:21:33

Health: -1/38      AC:  3    Str:  5    XL:     7   Next: 1%
Magic:  3/18       EV: 13    Int: 22    God:
Gold:   151        SH:  0    Dex: 15    Spells: 4 memorised, 6 levels left

rFire  + + .     SeeInvis .     q - staff of fire
rCold  . . .     Clarity  +     n - +1 robe {rF+}
rNeg   . . .     SustAt   .     (no shield)
rPois  .         Gourm    .     (no helmet)
rElec  .         Spirit   .     (no cloak)
rCorr  .         Warding  .     (no gloves)
rMut   .         Stasis   .     (no boots)
MR     .....                    d - amulet of clarity
Stlth  +++.......               l - ring of stealth
                                m - ring of wizardry

@: very slightly contaminated, slowed, very slow, not resistant to hostile
enchantments, fairly stealthy
A: no striking features
a: no special abilities


You were on level 4 of the Dungeon.
You were not hungry.

You visited 1 branch of the dungeon, and saw 4 of its levels.

You collected 151 gold pieces.

Inventory:

Hand weapons
 a - a +1 mace
Armour
 n - a +1 robe of fire resistance (worn)
Magical staves
 q - an uncursed staff of fire (weapon)
Jewellery
 d - an amulet of clarity (around neck)
 g - an uncursed ring of ice
 l - a ring of stealth (right hand)
 m - a ring of wizardry (left hand)
Scrolls
 f - 2 scrolls of remove curse
 j - a scroll of random uselessness
Potions
 e - a potion of flight
 i - a potion of agility {unknown}
 k - 3 potions of curing
 o - a potion of ambrosia {unknown}
 u - a potion of magic {unknown}
Books
 b - a book of Conjurations

   Spells                             Type                      Level
   a - Magic Dart                     Conjuration                  1
   b - Searing Ray                    Conjuration                  2
   c - Dazzling Spray                 Conjuration/Hexes            3
   d - Fulminant Prism                Conjuration/Hexes            4
   e - Iskenderun's Mystic Blast      Conjuration                  4
   f - Iskenderun's Battlesphere      Conjuration/Charms           5
Comestibles
 c - 4 bread rations
 h - 2 chunks of flesh
 r - 3 beef jerkies


   Skills:
 * Level 1.2 Fighting
 - Level 2.4 Dodging
 - Level 2.4 Stealth
 + Level 6.4 Spellcasting
 + Level 7.6 Conjurations
 - Level 0.3 Hexes


You had 6 spell levels left.
You knew the following spells:

 Your Spells              Type           Power        Failure   Level  Hunger
a - Magic Dart            Conj           ####         1%          1    None
b - Dazzling Spray        Conj/Hex       ###.....     2%          3    #......
c - Iskenderun's Mystic   Conj           #####...     1%          4    ###....
d - Fulminant Prism       Conj/Hex       ###.......   7%          4    ###....


Dungeon Overview and Level Annotations

Branches:
Dungeon (4/15)
 Temple: D:4-7

Altars:
Kikubaaqudgha

Annotations:
D:2 Natasha


Message History

Unknown command.
The orc wizard casts a spell at you. The magic dart hits you!
The ogre shouts!
The orc wizard points at you and mumbles some strange words.
The magic dart hits you! The orc wizard barely misses you.
The orc throws a tomahawk.
The tomahawk barely misses you.
The orc wizard points at you and mumbles some strange words.
The magic dart hits you!
You see here a tomahawk.
The orc wizard points at you and mumbles some strange words.
The magic dart hits you!
* * * LOW HITPOINT WARNING * * *
The orc wizard hits you but does no damage.
The orc wizard points at you and mumbles some strange words.
You feel yourself slow down.
The orc wizard points at you and mumbles some strange words.
The magic dart hits you!
You die...

#.######.#...#....######......
#.# #.###.#................ #.#
#.#....#...###.##......
#.######.#.#........#.........
####>..................+.........
#....#.#######.........#.##.####.
#....#.#...............#.##......
#....#.#.####..<.#######.......##
#....#.#.#<)[..#@##............##
#############.#..o.............##
#.#..O.............##
#.#..................
#.'.......(..########
###......o........#
#.....###.......# #.....#
#.......#
.....##########..)....##


You could see an ogre, an orc wizard and an orc.

Vanquished Creatures
  An ogre (D:4)
  2 orc priests (D:4)
  A crimson imp (D:3)
  A giant frog skeleton (D:4)
  Jessica (D:2)
  An orc wizard (D:3)
  2 worker ants (D:4)
  9 adders
  3 oozes
  2 adder skeletons (D:4)
  3 worms
  4 giant geckos
  18 orcs
  9 bats
  11 hobgoblins
  5 jackals
  6 kobolds
  2 quokkas (D:3)
  2 ball pythons
  4 giant cockroaches
  5 giant newts
  9 goblins
  A quokka skeleton (D:4)
  3 rats
105 creatures vanquished.

Vanquished Creatures (others)
  16 fulminant prisms
16 creatures vanquished.

Grand Total: 121 creatures vanquished

Notes
Turn   | Place    | Note
--------------------------------------------------------------
     0 | D:1      | amplicon the Deep Elf Conjurer began the quest for the Orb.
     0 | D:1      | Reached XP level 1. HP: 10/10 MP: 6/6
   234 | D:1      | Reached XP level 2. HP: 15/15 MP: 6/8
   478 | D:1      | Reached skill level 5 in Conjurations
   891 | D:1      | Reached XP level 3. HP: 19/19 MP: 6/9
   896 | D:1      | Learned a level 3 spell: Dazzling Spray
  1499 | D:2      | Noticed Jessica
  1503 | D:2      | Killed Jessica
  1503 | D:2      | Reached skill level 6 in Conjurations
  1503 | D:2      | Reached XP level 4. HP: 24/24 MP: 5/11
  1509 | D:2      | Learned a level 4 spell: Iskenderun's Mystic Blast
  1588 | D:2      | Found an ancient bone altar of Kikubaaqudgha.
  2052 | D:2      | Noticed Natasha
  2285 | D:2      | Reached XP level 5. HP: 28/28 MP: 5/13
  2348 | D:2      | Learned a level 4 spell: Fulminant Prism
  3441 | D:3      | Reached skill level 5 in Spellcasting
  3444 | D:3      | Reached skill level 7 in Conjurations
  3921 | D:4      | Reached XP level 6. HP: 19/32 MP: 5/15
  4509 | D:4      | Noticed an ogre
  4636 | D:4      | Reached skill level 1 in Fighting
  4885 | D:4      | Reached XP level 7. HP: 38/38 MP: 2/18
  4907 | D:4      | Killed from afar by an orc wizard

Vault maps used:
D:1:      mrwooster_arrival_statue_3
D:2:      nicolae_overflow_hidden_temple, first_bread, uniq_natasha,
          uniq_jessica
D:4:      minmay_temple_entry_enclosed_plants,
          nicolae_ru_great_annihilating_truth

Action                   |  1- 3 |  4- 6 |  7- 9 || total
-------------------------+-------+-------+-------++-------
Melee: Staff             |       |     1 |       ||     1
 Cast: Magic Dart        |    67 |   135 |     1 ||   203
       Fulminant Prism   |       |    16 |       ||    16
       Dazzling Spray    |       |     9 |     1 ||    10
  Use: Scroll            |       |     8 |       ||     8
  Eat: Chunk             |     1 |    10 |       ||    11
       Bread ration      |       |     1 |       ||     1
